 Dungeon Crawl Stone Soup version 0.28.0-1-gb440e238dd (webtiles) character file.

Game seed: 11544275794735850837

2148 Ablot the Magician (level 9, -17/69 HPs)
             Began as a Gnoll Warper on Feb 24, 2022.
             Was an Initiate of Cheibriados.
             Demolished by Crazy Yiuf (21 damage)
             ... on level 7 of the Dungeon.
             The game lasted 00:15:44 (8304 turns).

Ablot the Magician (Gnoll Warper)                   Turns: 8304, Time: 00:15:44

Health: -17/69     AC:  7    Str: 16    XL:     9   Next: 31%
Magic:  18/18      EV: 14    Int: 19    God:    Cheibriados [......]
Gold:   210        SH:  0    Dex: 13    Spells: 19/21 levels left

rFire   . . .      SeeInvis +   v - +0 dagger (venom)
rCold   . . .      Faith    .   (no shield)
rNeg    . . .      Spirit   .   b - +0 leather armour
rPois   .          Reflect  .   p - +0 helmet
rElec   .          Harm     .   h - +0 cloak
rCorr   .          Rampage  .   H - +0 pair of gloves
Will    .....                   (no boots)
Stlth   ++........              G - amulet of regeneration
HPRegen 1.01/turn               l - +6 ring of intelligence
MPRegen 0.16/turn               O - ring of see invisible

@: lethally poisoned (-17 -> -23), very slow
A: fangs 1, strong nose, distributed training
a: Renounce Religion


You were on level 7 of the Dungeon.
You worshipped Cheibriados.
Cheibriados was noncommittal.
You visited 2 branches of the dungeon, and saw 8 of its levels.

You collected 249 gold pieces.
You spent 39 gold pieces at shops.

Inventory:

Hand Weapons
 a - a +0 trident
 v - a +0 dagger of venom (weapon)
Missiles
 d - 4 boomerangs of dispersal
 e - 2 poisoned darts (quivered)
 g - 131 stones
 i - 43 bolts
 j - 99 arrows
 y - 4 boomerangs
 E - 57 sling bullets
Armour
 b - a +0 leather armour (worn)
 h - a +0 cloak (worn)
 p - a +0 helmet (worn)
 x - a +0 buckler
 H - a +0 pair of gloves (worn)
Magical Staves
 o - a staff of conjuration
 z - a staff of air
 C - a staff of earth
Jewellery
 l - a +6 ring of intelligence (left hand)
 G - an amulet of regeneration (around neck)
 O - a ring of see invisible (right hand)
Wands
 F - a wand of acid (11)
 J - a wand of flame (52)
 K - a wand of polymorph (10)
Scrolls
 c - a scroll of blinking
 m - 2 scrolls of identify
 n - 2 scrolls of immolation {unknown}
 r - 3 scrolls of silence {unknown}
 w - a scroll of enchant weapon {unknown}
 D - 2 scrolls of fear {unknown}
 I - a scroll of magic mapping {unknown}
 M - 3 scrolls of vulnerability {unknown}
 N - a scroll of holy word {unknown}
Potions
 f - a potion of haste {unknown}
 k - a potion of curing
 q - a potion of lignification
 s - a potion of brilliance {unknown}
 t - 2 potions of degeneration {unknown}
 u - 3 potions of attraction
 A - a potion of cancellation {unknown}
 B - a potion of heal wounds
 L - a potion of berserk rage {unknown}


   Skills:
 + Level 6.2 Fighting
 + Level 4.1 Short Blades
 + Level 4.1 Long Blades
 + Level 4.1 Axes
 + Level 4.1 Maces & Flails
 + Level 6.2 Polearms
 + Level 4.1 Staves
 + Level 4.1 Slings
 + Level 4.1 Bows
 + Level 4.1 Crossbows
 + Level 4.9 Throwing
 + Level 4.9 Armour
 + Level 6.2 Dodging
 + Level 4.1 Stealth
 + Level 4.1 Shields
 + Level 4.1 Unarmed Combat
 + Level 6.5 Spellcasting
 + Level 3.4 Conjurations
 + Level 3.4 Hexes
 + Level 3.4 Summonings
 + Level 3.4 Necromancy
 + Level 6.5 Translocations
 + Level 3.4 Transmutations
 + Level 3.4 Fire Magic
 + Level 3.4 Ice Magic
 + Level 3.4 Air Magic
 + Level 3.4 Earth Magic
 + Level 3.4 Poison Magic
 + Level 4.5 Invocations
 + Level 4.1 Evocations


You had 19 spell levels left.
You knew the following spells:

 Your Spells              Type           Power      Damage    Failure   Level
a - Blink                 Tloc           62%        N/A       1%          2

Your spell library contained the following spells:

 Spells                   Type           Power      Damage    Failure   Level
 Apportation              Tloc           62%        N/A       1%          1
 Gell's Gravitas          Tloc           31%        N/A       2%          3
 Lesser Beckoning         Tloc           31%        N/A       2%          3
 Teleport Other           Tloc           31%        N/A       2%          3
 Animate Skeleton         Necr           38%        N/A       3%          1
 Magic Dart               Conj           76%        1d6       3%          1
 Summon Small Mammal      Summ           76%        N/A       3%          1
 Call Imp                 Summ           19%        N/A       4%          2
 Passage of Golubria      Tloc           31%        N/A       9%          4
 Mephitic Cloud           Conj/Pois/Air  19%        N/A       10%         3
 Tukima's Dance           Hex            19%        N/A       10%         3
 Manifold Assault         Tloc           31%        N/A       24%         5
 Yara's Violent Unravell  Hex/Tmut       9%         3d6       65%         5


Dungeon Overview and Level Annotations

Branches:
Dungeon (7/15)             Temple (1/1) D:6

Altars:
Ashenzari
Cheibriados
Dithmenos
Gozag
Kikubaaqudgha
Makhleb
Nemelex Xobeh
Okawaru
Qazlal
Sif Muna
Trog
Uskayaw
Yredelemnul
Zin
The Shining One

Shops:
D:1 *[[(   D:2 [   D:5 *

Annotations:
D:7 Crazy Yiuf


Innate Abilities, Weirdness & Mutations

You have very sharp teeth.
Your uncanny sense of smell can sniff out nearby items.
Your experience applies equally to all skills.


Message History

Press: ? - help, Q - select action, (/) - cycle Shift-Dir - straight line, f - Crazy Yiuf
Aim: Crazy Yiuf, wielding a +2 quarterstaff of chaos and wearing a +2 cloak (66% to hit)
You throw a poisoned dart. The poisoned dart hits Crazy Yiuf.
Crazy Yiuf is poisoned.
Throw: 3 darts (poison)
Press: ? - help, Q - select action, (/) - cycle Shift-Dir - straight line, f/p - Crazy Yiuf
Aim: Crazy Yiuf, wielding a +2 quarterstaff of chaos and wearing a +2 cloak (poisoned, 66% to hit)
You throw a poisoned dart.
The poisoned dart closely misses Crazy Yiuf.
Crazy Yiuf says, "Fluff tired noodlescoop!"
Crazy Yiuf drinks a potion.
Crazy Yiuf seems to grow stronger.
Crazy Yiuf says, "Goldfish wrapper ena!"
Crazy Yiuf says, "Lay rumpyflump eyeball!"
You hit Crazy Yiuf but do no damage.
Crazy Yiuf is poisoned.
Crazy Yiuf is moderately wounded.
Crazy Yiuf glowers.
Crazy Yiuf hits you with a +2 quarterstaff of chaos!!
Crazy Yiuf freezes you!
You hit Crazy Yiuf but do no damage.
Crazy Yiuf is moderately wounded.
Crazy Yiuf hits you with a +2 quarterstaff of chaos!
You are poisoned.
You barely miss Crazy Yiuf. You bite Crazy Yiuf, but do no damage.
Crazy Yiuf is moderately wounded.
You feel sick.
Crazy Yiuf hits you with a +2 quarterstaff of chaos!
* * * LOW HITPOINT WARNING * * *
You are lethally poisoned!
* * * LOW HITPOINT WARNING * * *
You feel very sick.
Crazy Yiuf says, "Cards tortoise song!"
* * * LOW HITPOINT WARNING * * *
You feel very sick.
Okay, then.
You closely miss Crazy Yiuf. You bite Crazy Yiuf, but do no damage.
Crazy Yiuf is heavily wounded.
* * * LOW HITPOINT WARNING * * *
You feel very sick.
Crazy Yiuf hits you with a +2 quarterstaff of chaos!!
You die...

#........###.#.#..#.#
#........# #.#.####.#
#...)....# #.#......# ∆
#........# #.########
#........# #....#
...####### #.#### ####
######### ... ........####
### ### #######.@#.##
###..)#
#........g..####.')((#
#####.####.......#.g##)).#
#........#.#.#.)#.### ###
#.###.#.##.########
#.#.#.#.##.# #...#.#.##.#
###.#.#.##.. #.#.#.####


You could see Crazy Yiuf (strong, very poisoned).

Vanquished Creatures
  Joseph (D:7)
  Grinder (D:3)
  Sigmund (D:3)
  A water moccasin (D:7)
  Duvessa (D:5)
  A necrophage (D:6)
  2 sky beasts (D:6)
  An ogre (D:7)
  4 scorpions
  Dowan (D:5)
  3 killer bees (D:7)
  A water moccasin skeleton (D:3)
  A hound (D:5)
  2 orc priests
  2 iguanas
  An orc wizard (D:6)
  Robin (D:2)
  9 adders
  7 gnolls
  A howler monkey skeleton (D:7)
  2 shadow imps
  A white imp (D:6)
  A worm (D:2)
  2 dart slugs (D:4)
  18 orcs
  6 endoplasms
  3 giant cockroaches
  11 hobgoblins
  3 jackals (D:3)
  6 quokkas
  4 ball pythons
  6 bats
  5 frilled lizards (D:1)
  12 goblins
  5 kobolds
  A quokka skeleton (D:4)
  5 rats
133 creatures vanquished.

Notes
Turn   | Place    | Note
-------+----------+-------------------------------------------
     0 | D:1      | Ablot the Gnoll Warper began the quest for the Orb.
     0 | D:1      | Reached XP level 1. HP: 20/20 MP: 6/6
   133 | D:1      | Found Ujoottev's Antique Armour Emporium.
   153 | D:1      | Found Aju Dunaqal's Assorted Antiques.
   181 | D:1      | Reached XP level 2. HP: 26/26 MP: 7/7
   184 | D:1      | Learned a level 2 spell: Blink
   653 | D:1      | Reached XP level 3. HP: 29/31 MP: 9/9
   655 | D:1      | Reached skill level 5 in Spellcasting
   753 | D:1      | Found Vafrin's Weapon Shop.
   873 | D:1      | Found Ostrof Noku's Armour Emporium.
  1174 | D:2      | Found Dusmomer's Antique Armour Shoppe.
  1220 | D:2      | Reached skill level 1 in Invocations
  1375 | D:2      | Noticed Robin
  1403 | D:2      | Killed Robin
  1404 | D:2      | Reached skill level 1 in Short Blades
  1404 | D:2      | Reached skill level 1 in Long Blades
  1404 | D:2      | Reached skill level 1 in Axes
  1404 | D:2      | Reached skill level 1 in Maces & Flails
  1404 | D:2      | Reached skill level 1 in Staves
  1404 | D:2      | Reached skill level 1 in Slings
  1404 | D:2      | Reached skill level 1 in Bows
  1404 | D:2      | Reached skill level 1 in Crossbows
  1404 | D:2      | Reached skill level 1 in Stealth
  1404 | D:2      | Reached skill level 1 in Shields
  1404 | D:2      | Reached skill level 1 in Unarmed Combat
  1404 | D:2      | Reached skill level 1 in Evocations
  1404 | D:2      | Reached XP level 4. HP: 34/38 MP: 11/11
  2466 | D:3      | Reached skill level 1 in Conjurations
  2466 | D:3      | Reached skill level 1 in Hexes
  2466 | D:3      | Reached skill level 1 in Summonings
  2466 | D:3      | Reached skill level 1 in Necromancy
  2466 | D:3      | Reached skill level 1 in Transmutations
  2466 | D:3      | Reached skill level 1 in Fire Magic
  2466 | D:3      | Reached skill level 1 in Ice Magic
  2466 | D:3      | Reached skill level 1 in Air Magic
  2466 | D:3      | Reached skill level 1 in Earth Magic
  2466 | D:3      | Reached skill level 1 in Poison Magic
  2634 | D:3      | Reached XP level 5. HP: 23/43 MP: 12/12
  2960 | D:3      | HP: 1/43 [gnoll (9)]
  3475 | D:3      | Noticed Grinder
  3784 | D:3      | Killed Grinder
  3785 | D:3      | Reached skill level 5 in Fighting
  3785 | D:3      | Reached skill level 5 in Polearms
  3785 | D:3      | Reached skill level 5 in Dodging
  3785 | D:3      | Reached XP level 6. HP: 23/51 MP: 14/14
  4139 | D:3      | Noticed Sigmund
  4159 | D:3      | Killed Sigmund
  4160 | D:3      | Reached XP level 7. HP: 56/56 MP: 15/15
  5640 | D:5      | Entered Level 5 of the Dungeon
  5946 | D:5      | Found a basalt altar of Yredelemnul.
  6025 | D:5      | Noticed Dowan
  6151 | D:5      | Found Moiw Lyfa's General Store.
  6159 | D:5      | Bought a scroll of noise for 13 gold pieces
  6159 | D:5      | Bought a scroll of identify for 26 gold pieces
  6244 | D:5      | Noticed Duvessa
  6269 | D:5      | Killed Duvessa
  6270 | D:5      | Reached XP level 8. HP: 57/63 MP: 16/16
  6287 | D:5      | Killed Dowan
  7084 | D:6      | Found a burning altar of Makhleb.
  7270 | D:6      | Found a staircase to the Ecumenical Temple.
  7352 | Temple   | Entered the Ecumenical Temple
  7425 | Temple   | Became a worshipper of Cheibriados the Contemplative
  7718 | D:7      | HP: 2/64 [killer bee (2)]
  8054 | D:7      | Noticed Joseph
  8064 | D:7      | Reached XP level 9. HP: 23/69 MP: 18/18
  8087 | D:7      | HP: 2/103 [Joseph (9)]
  8090 | D:7      | Killed Joseph
  8285 | D:7      | Found a runed translucent door.
  8286 | D:7      | Noticed Crazy Yiuf
  8304 | D:7      | Demolished by Crazy Yiuf

Illustrated notes

Levels and vault maps discovered:
D:1:      minmay_arrival_radiant_lines, layout_loops_cross, serial_shops,
          nicolae_square_shop, shop_fountains, shop,
          nicolae_shop_bloodbath_and_beyond
D:2:      layout_loops_ring, serial_shops, shop, uniq_robin
D:3:      layout_basic, uniq_grinder, uniq_sigmund
D:4:      layout_basic
D:5:      layout_basic, mainiacjoe_overflow_cross_hatched, serial_shops, shop,
          uniq_duvessa
D:6:      layout_loops_ring, lemuel_doored_altar, minmay_temple_entry_junction
D:7:      layout_basic, marbit_many_paths, minmay_a_box_with_orc_wizards_in_it,
          uniq_crazy_yiuf_cottage, uniq_joseph
Temple:   cyrus_circular_temple

Skill      XL: |  1  2  3  4  5  6  7  8  9 |
---------------+----------------------------+-----
Spellcasting   | 5 6 |  6.5
Invocations    | 1 2 3 4 |  4.5
Short Blades   | 1 2 3 4 |  4.1
Long Blades    | 1 2 3 4 |  4.1
Axes           | 1 2 3 4 |  4.1
Maces & Flails | 1 2 3 4 |  4.1
Staves         | 1 2 3 4 |  4.1
Slings         | 1 2 3 4 |  4.1
Bows           | 1 2 3 4 |  4.1
Crossbows      | 1 2 3 4 |  4.1
Stealth        | 1 2 3 4 |  4.1
Shields        | 1 2 3 4 |  4.1
Unarmed Combat | 1 2 3 4 |  4.1
Evocations     | 1 2 3 4 |  4.1
Conjurations   | 1 2 3 |  3.4
Hexes          | 1 2 3 |  3.4
Summonings     | 1 2 3 |  3.4
Necromancy     | 1 2 3 |  3.4
Transmutations | 1 2 3 |  3.4
Fire Magic     | 1 2 3 |  3.4
Ice Magic      | 1 2 3 |  3.4
Air Magic      | 1 2 3 |  3.4
Earth Magic    | 1 2 3 |  3.4
Poison Magic   | 1 2 3 |  3.4
Throwing       | 3 4 |  4.9
Armour         | 3 4 |  4.9
Fighting       | 5 6 |  6.2
Polearms       | 5 6 |  6.2
Dodging        | 5 6 |  6.2
Translocations | 6 |  6.5

Action                   |  1- 3 |  4- 6 |  7- 9 || total
-------------------------+-------+-------+-------++-------
Melee: Spear             |   183 |   128 |       ||   311
       Bite              |     9 |    10 |    38 ||    57
       Punch             |     2 |     3 |     8 ||    13
       Dagger            |       |    41 |   254 ||   295
       Trident           |       |       |   129 ||   129
Throw: Dart              |       |     6 |     9 ||    15
       Boomerang         |       |     6 |       ||     6
 Cast: Blink             |       |     1 |       ||     1
  Use: Scroll            |       |       |     3 ||     3
       Potion            |       |       |     5 ||     5
 Stab: Sleeping          |     2 |     3 |     4 ||     9
Armor: Leather armour    |    30 |    29 |    91 ||   150
       Skin              |       |       |    14 ||    14
Dodge: Dodged            |    75 |    91 |   206 ||   372
